 Dungeon Crawl Stone Soup version 0.21.1-1-g345015f (webtiles) character file.

91 tidbits the Charmwright (level 4, -1/38 HPs)
             Began as a Gnoll Skald on Feb 7, 2018.
             Slain by an ogre
             ... wielding a +0 giant club
              (24 damage)
             ... on level 4 of the Dungeon.
             The game lasted 00:03:39 (380 turns).

tidbits the Charmwright (Gnoll Skald)                Turns: 380, Time: 00:03:40

Health: -1/38      AC:  3    Str: 13    XL:     4   Next: 57%
Magic:  1/11       EV: 14    Int: 16    God:
Gold:   57         SH:  0    Dex: 15    Spells: 2/13 levels left

rFire    . . .     SeeInvis .   a - +0 hand axe
rCold    . . .     Gourm    .   (no shield)
rNeg     . . .     Faith    .   b - +0 leather armour
rPois    .         Spirit   .   (no helmet)
rElec    .         Reflect  .   (no cloak)
rCorr    .         Harm     .   (no gloves)
MR       .....                  (no boots)
Stlth    ++........             (no amulet)
HPRegen  0.12/turn              (no ring)
MPRegen  0.12/turn              (no ring)

@: infused
A: distributed training, fangs 1, strong nose
a: no special abilities


You were on level 4 of the Dungeon.
You were not hungry.

You visited 1 branch of the dungeon, and saw 4 of its levels.

You collected 57 gold pieces.

Inventory:

Hand Weapons
 a - a +0 hand axe (weapon)
 l - a +0 whip of flaming
   (You took it off a kobold on level 2 of the Dungeon)
 n - a +0 dagger
Missiles
 q - 29 stones (quivered)
Armour
 b - a +0 leather armour (worn)
Scrolls
 g - a scroll of identify {unknown}
 j - a scroll of magic mapping {unknown}
 o - a scroll of teleportation {unknown}
 p - a scroll of fear {unknown}
 r - a scroll of amnesia {unknown}
Potions
 e - 2 potions of lignification {unknown}
 f - 2 potions of heal wounds {unknown}
 h - a potion of cancellation {unknown}
 i - 2 potions of magic {unknown}
 m - a potion of might {unknown}
Books
 c - a book of Battle

   Spells                             Type                      Level
   a - Infusion                       Charms                       1
   b - Shroud of Golubria             Charms/Translocation         2
   c - Song of Slaying                Charms                       2
   d - Spectral Weapon                Hexes/Charms                 3
   e - Regeneration                   Charms/Necromancy            3
Comestibles
 d - 3 rations


   Skills:
 + Level 4.6 Fighting
 + Level 1.1 Short Blades
 + Level 1.1 Long Blades
 + Level 4.6 Axes
 + Level 1.1 Maces & Flails
 + Level 1.1 Polearms
 + Level 1.1 Staves
 + Level 1.1 Slings
 + Level 1.1 Bows
 + Level 1.1 Crossbows
 + Level 1.1 Throwing
 + Level 2.7 Armour
 + Level 4.6 Dodging
 + Level 1.1 Stealth
 + Level 1.1 Shields
 + Level 1.1 Unarmed Combat
 + Level 5.1 Spellcasting
 + Level 0.9 Conjurations
 + Level 0.9 Hexes
 + Level 5.4 Charms
 + Level 0.9 Summonings
 + Level 0.9 Necromancy
 + Level 0.9 Translocations
 + Level 0.9 Transmutations
 + Level 0.9 Fire Magic
 + Level 0.9 Ice Magic
 + Level 0.9 Air Magic
 + Level 0.9 Earth Magic
 + Level 0.9 Poison Magic
 + Level 1.2 Invocations
 + Level 1.1 Evocations


You had 2 spell levels left.
You knew the following spells:

 Your Spells              Type           Power        Failure   Level  Hunger
g - Shroud of Golubria    Chrm/Tloc      ##........   8%          2    #......
i - Infusion              Chrm           ###.         1%          1    None
r - Regeneration          Chrm/Necr      ##........   16%         3    ###....
w - Spectral Weapon       Hex/Chrm       ##......     16%         3    ###....
y - Song of Slaying       Chrm           ###.....     3%          2    #......


Dungeon Overview and Level Annotations

Branches:
Dungeon (4/15)
 Temple: D:4-7

Altars:
Makhleb


Innate Abilities, Weirdness & Mutations

Your experience applies equally to all skills.
You have very sharp teeth.
Your uncanny sense of smell can sniff out nearby items.


Message History

There is a stone staircase leading up here.
You climb upwards.
Your summoned ally is left behind.
Your spectral weapon fades away.
There is a stone staircase leading down here.
Unknown command.
You climb downwards.
There is a stone staircase leading up here.
Unknown command.
There is an escape hatch in the floor here.
An ooze comes into view.
Found a robe.
There is an escape hatch in the floor here.
You slide downwards.
The hatch slams shut behind you.
You hear the sound of rushing water.
There is an entrance to a sewer on this level.
Hurry and find it before the portal rusts away!
An adder comes into view.
Found 6 gold pieces.
The helpless adder fails to defend itself.
You slash the adder!
The adder is severely wounded.
The adder bites you.
Casting: Spectral Weapon
Confirm with . or Enter, or press ? or * to list all spells.
You draw out your weapon's spirit!
The adder bites you.
You hit the adder.
You kill the adder!
You see here 6 gold pieces.
You now have 57 gold pieces (gained 6).
Your spectral weapon fades away.
Magic restored.
Found a scroll labeled UDWEID JEOSTE.
A goblin comes into view. It is wielding a dagger.
The goblin shouts!
Casting: Spectral Weapon
Confirm with . or Enter, or press ? or * to list all spells.
You begin infusing your attacks with magical energy.
You barely miss the goblin. The goblin hits you with a dagger.
You closely miss the goblin. The goblin hits you with a dagger.
You slash the goblin!
You kill the goblin!
You see here a dagger.
You see here a dagger.
n - a dagger
Things that are here:
a scroll labeled UDWEID JEOSTE; a scroll labeled XOCSED ODEUPRO
o - a scroll labeled UDWEID JEOSTE;
p - a scroll labeled XOCSED ODEUPRO
Found a hand axe.
Found 29 stones.
You hear the slow rusting of a very distant drain.
An adder comes into view.
Found a burning altar of Makhleb.
Found an escape hatch in the ceiling.
You see here 29 stones.
q - 29 stones
Casting: Infusion
Confirm with . or Enter, or press ? or * to list all spells.
You draw out your weapon's spirit!
The adder hisses angrily.
The adder bites your spectral weapon.
Your spectral weapon shares its damage with you!
The adder misses you.
You slash the adder!
You kill the adder!
Your magical infusion is running out.
Found a stone staircase leading down.
Found a scroll labeled DOD ZOM BUITT.
You are no longer magically infusing your attacks.
You see here a scroll labeled DOD ZOM BUITT.
r - a scroll labeled DOD ZOM BUITT Your spectral weapon fades away.
Found 12 gold pieces.
There is a stone staircase leading down here.
You climb downwards.
An ogre comes into view. It is wielding a giant club.
Found a scroll labeled XOCSED ODEUPRO.
Found an escape hatch in the floor.
There is a stone staircase leading up here.
Casting: Spectral Weapon
Confirm with . or Enter, or press ? or * to list all spells.
Space distorts slightly along a thin shroud covering your body.
Casting: Shroud of Golubria
Confirm with . or Enter, or press ? or * to list all spells.
You draw out your weapon's spirit!
The ogre shouts!
Casting: Spectral Weapon
Confirm with . or Enter, or press ? or * to list all spells.
You begin infusing your attacks with magical energy.
All of the chunks of flesh in your inventory have rotted away.
You aren't carrying any items that you can evoke.
Unknown command.
Okay, then.
Okay, then.
You hit the ogre!
The ogre is moderately wounded.
Your spectral weapon hits the ogre!
The ogre hits you with a giant club!
Your shroud falls apart!
You hit the ogre!
The ogre is almost dead.
Your spectral weapon hits the ogre but does no damage.
The ogre hits you with a giant club!!
Ouch! That really hurt!
You die...

#######
#..?..##
∆
#.......
#......
#.....#
#.....#
#..O(.#
∆
#...@.#
#....<#
#.>...#
#.....#
#######


You could see an ogre and a friendly spectral hand axe.

Vanquished Creatures
  Jessica (D:2)
  4 adders
  2 worms (D:2)
  A dart slug (D:2)
  2 bats (D:2)
  A giant cockroach (D:1)
  A goblin (D:3)
  3 hobgoblins
  2 kobolds (D:2)
  2 quokkas (D:2)
  A frilled lizard (D:1)
  4 rats (D:2)
24 creatures vanquished.

Notes
Turn   | Place    | Note
-------+----------+-------------------------------------------
     0 | D:1      | tidbits the Gnoll Skald began the quest for the Orb.
     0 | D:1      | Reached XP level 1. HP: 20/20 MP: 6/6
    77 | D:2      | Noticed Jessica
    93 | D:2      | HP: 2/20 [Jessica (2)]
    97 | D:2      | Killed Jessica
    97 | D:2      | Reached skill level 5 in Spellcasting
    97 | D:2      | Reached XP level 2. HP: 3/26 MP: 1/8
    97 | D:2      | Reached XP level 3. HP: 4/31 MP: 1/9
   101 | D:2      | Learned a level 2 spell: Song of Slaying
   104 | D:2      | Learned a level 2 spell: Shroud of Golubria
   108 | D:2      | Learned a level 3 spell: Regeneration
   112 | D:2      | Learned a level 3 spell: Spectral Weapon
   146 | D:2      | Reached skill level 1 in Invocations
   153 | D:2      | Reached skill level 1 in Short Blades
   153 | D:2      | Reached skill level 1 in Long Blades
   153 | D:2      | Reached skill level 1 in Maces & Flails
   153 | D:2      | Reached skill level 1 in Polearms
   153 | D:2      | Reached skill level 1 in Staves
   153 | D:2      | Reached skill level 1 in Slings
   153 | D:2      | Reached skill level 1 in Bows
   153 | D:2      | Reached skill level 1 in Crossbows
   153 | D:2      | Reached skill level 1 in Throwing
   153 | D:2      | Reached skill level 1 in Stealth
   153 | D:2      | Reached skill level 1 in Shields
   153 | D:2      | Reached skill level 1 in Unarmed Combat
   153 | D:2      | Reached skill level 1 in Evocations
   166 | D:2      | Reached XP level 4. HP: 20/38 MP: 2/11
   354 | D:3      | Found a burning altar of Makhleb.
   374 | D:4      | Noticed an ogre
   380 | D:4      | Slain by an ogre

Skill      XL: |  1  2  3 |
---------------+----------+-----
Spellcasting   | 5 |  5.1
Invocations    | 1 |  1.2
Short Blades   | 1 |  1.1
Long Blades    | 1 |  1.1
Maces & Flails | 1 |  1.1
Polearms       | 1 |  1.1
Staves         | 1 |  1.1
Slings         | 1 |  1.1
Bows           | 1 |  1.1
Crossbows      | 1 |  1.1
Throwing       | 1 |  1.1
Stealth        | 1 |  1.1
Shields        | 1 |  1.1
Unarmed Combat | 1 |  1.1
Evocations     | 1 |  1.1
Fighting       | |  4.6
Axes           | |  4.6
Armour         | |  2.7
Dodging        | |  4.6
Conjurations   | |  0.9
Hexes          | |  0.9
Charms         | |  5.4
Summonings     | |  0.9
Necromancy     | |  0.9
Translocations | |  0.9
Transmutations | |  0.9
Fire Magic     | |  0.9
Ice Magic      | |  0.9
Air Magic      | |  0.9
Earth Magic    | |  0.9
Poison Magic   | |  0.9

Action                   |  1- 3 |  4- 6 || total
-------------------------+-------+-------++-------
Melee: Hand axe          |    34 |    27 ||    61
       Bite              |     4 |     2 ||     6
 Cast: Infusion          |     2 |     2 ||     4
       Spectral Weapon   |     1 |     4 ||     5
       Regeneration      |     1 |     1 ||     2
       Shroud of Golubri |       |     1 ||     1
 Stab: Sleeping          |       |     2 ||     2
Armor: Leather armour    |     2 |     5 ||     7
Dodge: Dodged            |    17 |    15 ||    32

Table legend:
 A = Turns spent in this place as a percentage of turns spent in the entire game.
 B = Non-inter-level travel turns spent in this place as a percentage of non-inter-level travel turns spent in the entire game.
 C = Inter-level travel turns spent in this place as a percentage of turns spent in this place.
 D = Turns resting spent in this place as a percentage of non-inter-level travel turns spent in this place.
 E = Turns spent auto-exploring this place as a percentage of non-inter-level travel turns spent in this place.
 F = Non-inter-level travel turns spent in this place divided by the number of levels of this place that you've seen.
                   A       B       C       D       E      F
               +-------+-------+-------+-------+-------+----------------------
         Total | 100.0 | 100.0 |   0.0 |   0.0 |   0.0 |  95.0
       Dungeon | 100.0 | 100.0 |   0.0 |   0.0 |   0.0 |  95.0
               +-------+-------+-------+-------+-------+----------------------

Table legend:
 A = Kills in this place as a percentage of kills in entire the game.
 B = Kills by you in this place as a percentage of kills by you in the entire game.
 C = Kills by friends in this place as a percentage of kills by friends in the entire game.
 D = Other kills in this place as a percentage of other kills in the entire game.
 E = Experience gained in this place as a percentage of experience gained in the entire game.
 F = Experience gained in this place divided by the number of levels of this place that you have seen.
                   A       B       C       D       E      F
               +-------+-------+-------+-------+-------+----------------------
         Total | 100.0 | 100.0 |   N/A |   N/A | 100.0 |  32.5
       Dungeon | 100.0 | 100.0 |   N/A |   N/A | 100.0 |  32.5
               +-------+-------+-------+-------+-------+----------------------

Vault maps used:
D:1:      minmay_arrival_plants_in_alcoves, minivault_26
D:2:      minmay_diamond_boxcup, first_ration, minmay_quantized, uniq_jessica,
          uniq_terence
D:3:      lemuel_crystal_altar, gup_sewer_entry_spiral
D:4:      old_forge, lemuel_temple_firewalk_b, uniq_natasha
